 Dungeon Crawl Stone Soup version 0.28.0-53-g5a82cb258f (webtiles) character file.

Game seed: 7375347663908121033

476 fingers the Cutter (level 7, -7/43 HPs)
             Began as a Gargoyle Fighter on May 27, 2022.
             Was a Follower of Ru.
             Mangled by an ogre
             ... wielding a +0 giant club
              (14 damage)
             ... on level 5 of the Dungeon.
             The game lasted 00:14:03 (4857 turns).

fingers the Cutter (Gargoyle Fighter)               Turns: 4857, Time: 00:14:03

Health: -7/43      AC: 19    Str: 21    XL:     7   Next: 10%
Magic:  7/7        EV:  6    Int:  9    God:    Ru [*.....]
Gold:   125        SH:  4    Dex:  9    Spells: 6/6 levels left

rFire   . . .      SeeInvis .   a - +0 rapier
rCold   . . .      Faith    .   c - +0 buckler
rNeg    + + .      Spirit   .   h - +0 plate armour
rPois   ∞          Reflect  .   l - +0 helmet
rElec   +          Harm     .   (no cloak)
rCorr   .          Rampage  .   (no gloves)
Will    .....                   y - +0 pair of boots
Stlth   ..........              (no amulet)
HPRegen 0.14/turn               o - ring of positive energy
MPRegen 0.10/turn               (no ring)

@: unable to drink
A: sickness immunity, AC +4, negative energy resistance 1, electricity
resistance, torment resistance 1, petrification resistance, inability to drink
while threatened
a: Renounce Religion


You were on level 5 of the Dungeon.
You worshipped Ru.
Ru was aware of your devotion.
You visited 1 branch of the dungeon, and saw 5 of its levels.

You collected 125 gold pieces.

Inventory:

Hand Weapons
 a - a +0 rapier (weapon)
 n - the +5 mace of Subterfuge {venom, Will++ Str-3 Int+2 Stlth+}
   (You found it on level 2 of the Dungeon)

   It poisons the flesh of those it strikes.
   Str:       It affects your strength (-3).
   Int:       It affects your intelligence (+2).
   Will:      It greatly increases your willpower.
   Stlth:     It makes you more stealthy.
 r - a +0 quarterstaff
Missiles
 w - 3 throwing nets
Armour
 c - a +0 buckler (worn)
 h - a +0 plate armour (worn)
 l - a +0 helmet (worn)
 y - a +0 pair of boots (worn)
Jewellery
 o - a ring of positive energy (left hand)
Wands
 v - a wand of flame (17)
Scrolls
 b - a scroll of enchant weapon {unknown}
 d - a scroll of enchant armour {unknown}
 e - a scroll of amnesia {unknown}
 f - 4 scrolls of vulnerability
 i - 3 scrolls of immolation {unknown}
 j - a scroll of identify {unknown}
 m - a scroll of fog {unknown}
 x - a scroll of magic mapping {unknown}
Potions
 k - a potion of flight
 p - a potion of brilliance {unknown}
 s - a potion of might
 t - a potion of invisibility {unknown}
 u - a potion of lignification {unknown}


   Skills:
 + Level 4.1 Fighting
 + Level 5.0 Short Blades
 + Level 4.9 Armour
 + Level 0.3 Dodging
 + Level 0.3 Stealth
 + Level 4.3 Shields


You had 6 spell levels left.
You didn't know any spells.
Your spell library contained the following spells:

 Spells                   Type           Power      Damage    Failure   Level
 Beastly Appendage        Tmut           0%         N/A       100%        1
 Wereblood                Tmut           0%         N/A       100%        2
 Spider Form              Tmut/Pois      0%         N/A       100%        3


Dungeon Overview and Level Annotations

Branches:
Dungeon (5/15)
 Temple: D:4-7

Altars:
Ru

Shops:
D:2 *


Innate Abilities, Weirdness & Mutations

You are immune to sickness and miasma.
Your stone body is resilient. (AC +4)
You are immune to poison.
You resist negative energy. (rN+)
You are resistant to electric shocks. (rElec)
You are resistant to unholy torment.
You are immune to petrification.
You sometimes lose the ability to drink potions when taking damage.


Message History

The killer bee zombie hits you but does no damage.
You block the killer bee zombie's attack.
You feel better. The killer bee zombie hits you.
The killer bee zombie hits you but does no damage.
You hit the killer bee zombie.
The killer bee zombie is heavily damaged.
You block the killer bee zombie's attack.
The killer bee zombie is stunned by your conviction and fails to attack.
You hit the killer bee zombie.
The killer bee zombie is heavily damaged.
The killer bee zombie hits you but does no damage.
The iguana barely misses you.
The killer bee zombie hits you but does no damage.
The iguana barely misses you.
You puncture the killer bee zombie!
You destroy the killer bee zombie!
The orc priest looks satisfied for a moment.
The iguana completely misses you.
Your Short Blades skill increases to level 5!
You hit the ogre.
The ogre is severely wounded.
The orc priest calls down the wrath of Beogh upon you.
Pain shoots through your body! The ogre hits you with a +0 giant club!
You feel threatened and lose the ability to drink potions!
* * * LOW HITPOINT WARNING * * *
The iguana bites you but does no damage.
You hit the ogre.
The ogre is almost dead.
The orc priest hits you but does no damage.
You block the iguana's attack.
You barely miss the ogre.
The ogre is almost dead.
The ogre hits you with a +0 giant club.
* * * LOW HITPOINT WARNING * * *
The orc priest hits you but does no damage.
You barely miss the ogre.
The ogre is almost dead.
The iguana bites you but does no damage.
The ogre hits you with a +0 giant club!
You die...

.# .# .# .# ## .# ###.
## ###...## .#
.#......# .# ........#
.# . .......@#### .#
.. .#....lOo..#.#. .#
... #............. .#
.....#####..#####. .#
.....#####........ .#.
...........######. .#.
##....###...##
.#.##.....#..O.## ###
.#..........##.###....


You could see an ogre, an iguana and an orc priest.

Vanquished Creatures
  A necrophage (D:4)
  A bullfrog (D:3)
  A howler monkey (D:5)
  A centaur zombie (D:5)
  A hound (D:3)
  A killer bee zombie (D:5)
  A hound skeleton (D:5)
  7 gnolls
  4 adders
  A shadow imp (D:5)
  A white imp (D:5)
  2 worms
  A dart slug (D:2)
  8 ball pythons
  6 endoplasms
  2 giant cockroaches (D:2)
  8 goblins
  6 hobgoblins
  2 jackals (D:3)
  7 kobolds
  5 quokkas
  4 bats
  2 frilled lizards
  7 rats
80 creatures vanquished.

Vanquished Creatures (others)
  5 plants (D:5)
5 creatures vanquished.

Grand Total: 85 creatures vanquished

Notes
Turn   | Place    | Note
-------+----------+-------------------------------------------
     0 | D:1      | fingers the Gargoyle Fighter began the quest for the Orb.
     0 | D:1      | Reached XP level 1. HP: 14/14 MP: 1/1
   384 | D:1      | Reached XP level 2. HP: 14/19 MP: 2/2
  1214 | D:1      | Found a faded altar of an unknown god.
  1224 | D:1      | Prayed at the altar of an unknown god.
  1224 | D:1      | Became a worshipper of Ru the Awakened
  1314 | D:1      | Reached skill level 2 in Short Blades
  1314 | D:1      | Reached XP level 3. HP: 23/23 MP: 3/3
  1970 | D:2      | Reached XP level 4. HP: 29/29 MP: 4/4
  1994 | D:2      | Identified the +5 mace of Subterfuge {venom, Will++ Str-3
                  | Int+2 Stlth+}
  2742 | D:2      | Found Juloq's General Store.
  3072 | D:3      | Reached XP level 5. HP: 29/33 MP: 5/5
  3187 | D:3      | Reached skill level 3 in Short Blades
  3847 | D:4      | Noticed a necrophage
  3861 | D:4      | Killed a necrophage
  3862 | D:4      | Reached skill level 4 in Short Blades
  3862 | D:4      | Reached XP level 6. HP: 36/38 MP: 6/6
  3942 | D:4      | Gained mutation: You sometimes lose the ability to drink
                  | potions when taking damage. [Ru sacrifice]
  3942 | D:4      | Reached * piety under Ru
  3958 | D:5      | Entered Level 5 of the Dungeon
  4161 | D:5      | Reached XP level 7. HP: 11/43 MP: 7/7
  4854 | D:5      | Reached skill level 5 in Short Blades
  4857 | D:5      | Mangled by an ogre

Illustrated notes

Levels and vault maps discovered:
D:1:      lemuel_arrival_river_ford, layout_loops_cross,
          shapermc_ecumenical_altar_starsandcircs, hangedman_decor_slide_cut
D:2:      layout_rooms, serial_shops, shop, grunt_ministairs_11,
          minmay_small_reverse_x
D:3:      layout_loops_cross
D:4:      layout_basic, serial_rivers, chequers_serial_rivers_micro_b,
          chequers_serial_rivers_large_b, chequers_serial_rivers_room_b,
          chequers_serial_rivers_room_b, minmay_hollow_rounded_squares,
          uniq_crazy_yiuf_cottage
D:5:      layout_rooms, roderic_nine_men_s_morris, roderic_serpentine_path,
          nicolae_zen_rock_garden, minmay_checkerbox

Skill      XL: |  1  2  3  4  5  6  7 |
---------------+----------------------+-----
Short Blades   | 2 4 5 |  5.0
Armour         | 4 |  4.9
Shields        | 4 |  4.3
Fighting       | 4 |  4.1
Dodging        | |  0.3
Stealth        | |  0.3

Action                   |  1- 3 |  4- 6 |  7- 9 || total
-------------------------+-------+-------+-------++-------
Melee: Rapier            |    87 |   173 |    44 ||   304
Throw: Throwing net      |       |     1 |       ||     1
Invok: Sacrifice Drink   |       |     1 |       ||     1
  Use: Potion            |     1 |     3 |     1 ||     5
       Scroll            |       |     3 |     1 ||     4
Armor: Scale mail        |    37 |       |       ||    37
       Plate armour      |    54 |   128 |    17 ||   199
       Skin              |     1 |       |       ||     1
Dodge: Dodged            |    54 |    54 |     8 ||   116
Block: Buckler           |    29 |    34 |    10 ||    73
